 Dungeon Crawl Stone Soup version 0.28.0-45-g0d030f2227 (webtiles) character file.

Game seed: 9125424743215260275

16284 DearestLeader the Blocker (level 12, 0/97 HPs)
             Began as a Gnoll Fighter on Apr 21, 2022.
             Was a High Priest of Cheibriados.
             Slain by a seven-headed hydra (11 damage)
             ... on level 11 of the Dungeon.
             The game lasted 00:26:45 (13967 turns).

DearestLeader the Blocker (Gnoll Fighter)          Turns: 13967, Time: 00:26:45

Health: 0/97       AC: 16    Str: 34    XL:     12   Next: 35%
Magic:  10/22      EV: 16    Int: 20    God:    Cheibriados [*****.]
Gold:   295        SH:  8    Dex: 25    Spells: 20/25 levels left

rFire   . . .      SeeInvis .   a - +4 trident (vamp)
rCold   + . .      Faith    .   c - +0 buckler
rNeg    . . .      Spirit   .   I - +2 scale mail {Will+}
rPois   .          Reflect  .   s - +0 helmet
rElec   .          Harm     .   b - +0 cloak
rCorr   .          Rampage  .   B - +0 pair of gloves
Will    ++...                   f - +0 pair of boots
Stlth   +++.......              (no amulet)
HPRegen 0.26/turn               l - ring of willpower
MPRegen 0.18/turn               D - ring of protection from cold

@: mighty, very slow
A: fangs 1, strong nose, distributed training
a: Renounce Religion, Bend Time, Temporal Distortion, Slouch, Step From Time


You were on level 11 of the Dungeon.
You worshipped Cheibriados.
Cheibriados was extremely pleased with you.
You visited 1 branch of the dungeon, and saw 11 of its levels.

You collected 505 gold pieces.
You spent 210 gold pieces at shops.

Inventory:

Hand Weapons
 a - a +4 vampiric trident (weapon)
 p - a +2 battleaxe of draining
 S - a +5 hand axe of freezing
Missiles
 F - 3 throwing nets
 O - 2 curare-tipped darts
 X - 5 javelins (quivered)
Armour
 b - a +0 cloak (worn)
 c - a +0 buckler (worn)
 f - a +0 pair of boots (worn)
 h - +0 acid dragon scales
 s - a +0 helmet (worn)
 B - a +0 pair of gloves (worn)
 I - a +2 scale mail of willpower (worn)
Jewellery
 j - a +4 ring of protection
 l - a ring of willpower (left hand)
 u - a +6 ring of strength
 x - a ring of poison resistance
 z - the amulet "Kunemnoe" {Faith -Tele Fragile rElec Int+6}
   (You found it on level 4 of the Dungeon)

   [amulet of faith]

   It allows you to gain divine favour quickly.
   Int:       It affects your intelligence (+6).
   rElec:     It insulates you from electricity.
   -Tele:     It prevents most forms of teleportation.
   Fragile:   It will be destroyed if unequipped.
 D - a ring of protection from cold (right hand)
 Q - a +6 ring of dexterity
 Y - a ring of wizardry
Wands
 d - a wand of acid (6)
 y - a wand of paralysis (5)
 A - a wand of flame (31)
 Z - a wand of iceblast (3)
Scrolls
 g - 6 scrolls of teleportation
 o - 4 scrolls of fog
 E - a scroll of enchant weapon
 G - a scroll of magic mapping
 H - 3 scrolls of fear
 J - a scroll of vulnerability {unknown}
 K - a scroll of summoning {unknown}
 L - 2 scrolls of enchant armour {unknown}
 P - a scroll of brand weapon {unknown}
 T - a scroll of blinking {unknown}
 W - 3 scrolls of identify
Potions
 e - 3 potions of mutation
 i - 4 potions of brilliance
 k - a potion of haste {unknown}
 m - 3 potions of heal wounds {unknown}
 n - a potion of resistance {unknown}
 r - 2 potions of ambrosia
 t - 2 potions of attraction
 v - 8 potions of curing
 w - a potion of degeneration {unknown}
 C - a potion of cancellation {unknown}
 M - a potion of might
 N - 2 potions of lignification {unknown}
 V - 2 potions of flight {unknown}


   Skills:
 + Level 9.8 Fighting
 + Level 7.2 Short Blades
 + Level 7.2 Long Blades
 + Level 8.6 Axes
 + Level 7.2 Maces & Flails
 + Level 7.2 Polearms
 + Level 7.2 Staves
 + Level 7.2 Slings
 + Level 7.2 Bows
 + Level 7.2 Crossbows
 + Level 7.2 Throwing
 + Level 9.8 Armour
 + Level 7.2 Dodging
 + Level 7.2 Stealth
 + Level 9.8 Shields
 + Level 7.2 Unarmed Combat
 + Level 7.2 Spellcasting
 + Level 6.0 Conjurations
 + Level 6.0 Hexes
 + Level 6.0 Summonings
 + Level 6.0 Necromancy
 + Level 6.0 Translocations
 + Level 6.0 Transmutations
 + Level 6.0 Fire Magic
 + Level 6.0 Ice Magic
 + Level 6.0 Air Magic
 + Level 6.0 Earth Magic
 + Level 6.0 Poison Magic
 + Level 7.9 Invocations
 + Level 7.2 Evocations


You had 20 spell levels left.
You knew the following spells:

 Your Spells              Type           Power      Damage    Failure   Level
a - Animate Skeleton      Necr           62%        N/A       1%          1
b - Pain                  Necr           100%       1d9       1%          1
c - Vampiric Draining     Necr           31%        2d8       4%          3

Your spell library contained the following spells:

 Spells                   Type           Power      Damage    Failure   Level
 Beastly Appendage        Tmut           62%        N/A       1%          1
 Wereblood                Tmut           31%        N/A       2%          2
 Spider Form              Tmut/Pois      31%        N/A       4%          3


Dungeon Overview and Level Annotations

Branches:
Dungeon (11/15)            Temple (0/1) D:6             Orc (0/2) D:9
   Lair: D:8-11

Altars:
Ashenzari
Cheibriados
Dithmenos
Gozag
Hepliaklqana
Kikubaaqudgha
Okawaru
Ru
Trog
Xom
The Shining One

Shops:
D:4 [   D:6 [


Innate Abilities, Weirdness & Mutations

You have very sharp teeth.
Your uncanny sense of smell can sniff out nearby items.
Your experience applies equally to all skills.


Message History

The seven-headed hydra bites you!
* * * LOW HITPOINT WARNING * * *
Casting: Vampiric Draining (mildly dangerous; 4% risk of failure)
Confirm with . or Enter, or press ? or * to list all spells.
Aiming: Vampiric Draining (mildly dangerous; 4% risk of failure)
Press: ? - help, Shift-Dir - straight line, f/p - seven-headed hydra
Aim: a seven-headed hydra (moderately wounded)
You draw life force from the seven-headed hydra!
You feel life coursing into your body.
You block the seven-headed hydra's attack.
The seven-headed hydra misses you. The seven-headed hydra bites you.
* * * LOW HITPOINT WARNING * * *
The seven-headed hydra bites you!
* * * LOW HITPOINT WARNING * * *
The seven-headed hydra bites you!
* * * LOW HITPOINT WARNING * * *
The seven-headed hydra bites you.
* * * LOW HITPOINT WARNING * * *
The seven-headed hydra bites you but does no damage.
Casting: Vampiric Draining (mildly dangerous; 4% risk of failure)
Confirm with . or Enter, or press ? or * to list all spells.
Aiming: Vampiric Draining (mildly dangerous; 4% risk of failure)
Press: ? - help, Shift-Dir - straight line, f/p - seven-headed hydra
Aim: a seven-headed hydra (heavily wounded)
You draw life force from the seven-headed hydra.
You feel life coursing into your body.
The seven-headed hydra bites you but does no damage.
The seven-headed hydra closely misses you.
The seven-headed hydra barely misses you.
The seven-headed hydra bites you.
* * * LOW HITPOINT WARNING * * *
The seven-headed hydra bites you but does no damage. x2
The seven-headed hydra barely misses you.
Unknown command.
You feel very mighty all of a sudden.
The seven-headed hydra closely misses you.
You block the seven-headed hydra's attack. x2
The seven-headed hydra closely misses you. x2
The seven-headed hydra bites you!
You die...

#..# #............. #..#
#.............. #..#
#.........$.... #..#
#..............
#..###..............
#####...............?...
........................
######..................
#..........@D......
###################


You could see a seven-headed hydra.

Vanquished Creatures
  3 two-headed ogres (D:10)
  Pikel (D:8)
  3 cyclopes
  A kobold demonologist (D:10)
  A rime drake (shapeshifter) (D:10)
  4 trolls (D:10)
  2 hornets (D:10)
  14 yaks
  3 humans (D:8)
  4 steam dragons
  11 wargs (D:10)
  An acid dragon (D:9)
  2 water moccasins
  6 orc warriors
  2 ice beasts
  3 black bears
  A necrophage (D:6)
  2 ogres
  4 sky beasts
  3 centaurs
  A phantom (D:4)
  Blork the orc (D:4)
  7 bullfrogs
  7 kobold brigands
  9 gnoll sergeants
  2 scorpions
  A wyvern zombie (D:6)
  A water moccasin skeleton (D:6)
  8 wights
  5 howler monkeys
  2 bullfrog zombies
  4 centaur zombies
  A hound (D:6)
  A bullfrog skeleton (D:6)
  13 orc priests
  A jelly (D:8)
  3 gnoll shamans
  A centaur skeleton (D:7)
  2 iguanas
  Natasha (twice) (D:2)
  13 orc wizards
  Ijyb (D:4)
  A killer bee zombie (D:7)
  A hound skeleton (D:5)
  A howler monkey zombie (D:9)
  A mummy (D:4)
  10 gnolls
  8 adders
  A white imp (D:7)
  2 ufetubi
  2 adder skeletons (D:4)
  4 worms
  A dart slug (D:1)
  24 orcs
  8 ball pythons
  3 endoplasms
  3 giant cockroaches
  12 hobgoblins
  9 quokkas
  2 bats
  3 frilled lizards
  6 goblins
  20 kobolds
  5 rats
284 creatures vanquished.

Vanquished Creatures (collateral kills)
  An orc knight (D:10)
  A gnoll sergeant (D:10)
  An orc wizard (D:10)
3 creatures vanquished.

Vanquished Creatures (others)
  A wyvern (D:8)
  A fungus (D:10)
  A plant (D:10)
3 creatures vanquished.

Grand Total: 290 creatures vanquished

Notes
Turn   | Place    | Note
-------+----------+-------------------------------------------
     0 | D:1      | DearestLeader the Gnoll Fighter began the quest for the
                  | Orb.
     0 | D:1      | Reached XP level 1. HP: 23/23 MP: 1/1
   445 | D:1      | Reached XP level 2. HP: 29/29 MP: 2/2
   644 | D:1      | Found a faded altar of an unknown god.
   924 | D:1      | Reached XP level 3. HP: 35/35 MP: 3/3
  1282 | D:2      | Reached skill level 1 in Invocations
  1557 | D:2      | Learned a level 1 spell: Animate Skeleton
  1559 | D:2      | Learned a level 1 spell: Pain
  2023 | D:2      | Reached skill level 1 in Short Blades
  2023 | D:2      | Reached skill level 1 in Long Blades
  2023 | D:2      | Reached skill level 1 in Maces & Flails
  2023 | D:2      | Reached skill level 1 in Polearms
  2023 | D:2      | Reached skill level 1 in Staves
  2023 | D:2      | Reached skill level 1 in Slings
  2023 | D:2      | Reached skill level 1 in Bows
  2023 | D:2      | Reached skill level 1 in Crossbows
  2023 | D:2      | Reached skill level 1 in Throwing
  2023 | D:2      | Reached skill level 1 in Dodging
  2023 | D:2      | Reached skill level 1 in Stealth
  2023 | D:2      | Reached skill level 1 in Unarmed Combat
  2023 | D:2      | Reached skill level 1 in Spellcasting
  2023 | D:2      | Reached skill level 1 in Evocations
  2142 | D:2      | Noticed Natasha
  2153 | D:2      | Killed Natasha
  2154 | D:2      | Reached XP level 4. HP: 38/41 MP: 2/5
  2254 | D:2      | Noticed Natasha
  2265 | D:2      | Killed Natasha
  2266 | D:2      | Reached skill level 1 in Conjurations
  2266 | D:2      | Reached skill level 1 in Hexes
  2266 | D:2      | Reached skill level 1 in Summonings
  2266 | D:2      | Reached skill level 1 in Necromancy
  2266 | D:2      | Reached skill level 1 in Translocations
  2266 | D:2      | Reached skill level 1 in Transmutations
  2266 | D:2      | Reached skill level 1 in Fire Magic
  2266 | D:2      | Reached skill level 1 in Ice Magic
  2266 | D:2      | Reached skill level 1 in Air Magic
  2266 | D:2      | Reached skill level 1 in Earth Magic
  2266 | D:2      | Reached skill level 1 in Poison Magic
  2430 | D:3      | Reached XP level 5. HP: 47/47 MP: 6/6
  3125 | D:4      | Reached XP level 6. HP: 53/53 MP: 8/8
  3287 | D:4      | Reached skill level 5 in Axes
  3533 | D:4      | Noticed a black bear
  3540 | D:4      | Noticed Ijyb
  3543 | D:4      | Killed a black bear
  3544 | D:4      | Paralysed by Ijyb for 7 turns
  3551 | D:4      | Killed Ijyb
  3552 | D:4      | Reached XP level 7. HP: 32/59 MP: 10/10
  3755 | D:4      | Found Obanywa's Armour Boutique.
  3761 | D:4      | Identified the amulet "Kunemnoe" {Faith -Tele Fragile rElec
                  | Int+6}
  3885 | D:4      | Noticed Blork the orc
  3898 | D:4      | Killed Blork the orc
  4233 | D:4      | Found a snail-covered altar of Cheibriados.
  4247 | D:4      | Became a worshipper of Cheibriados the Contemplative
  4640 | D:5      | Entered Level 5 of the Dungeon
  4690 | D:5      | Found a sacrificial altar of Ru.
  4751 | D:5      | Reached XP level 8. HP: 49/67 MP: 12/12
  4752 | D:5      | Reached * piety under Cheibriados
  4865 | D:5      | Found an iron altar of Okawaru.
  5511 | D:4      | Bought a +2 scale mail of willpower for 210 gold pieces
  6122 | D:6      | Found a staircase to the Ecumenical Temple.
  6138 | D:6      | Reached XP level 9. HP: 50/72 MP: 14/14
  6283 | D:6      | Found Facexu's Armour Shoppe.
  6291 | D:6      | Reached ** piety under Cheibriados
  7661 | D:7      | Reached *** piety under Cheibriados
  7662 | D:7      | Reached skill level 5 in Invocations
  8005 | D:7      | Found an opulent altar of Gozag.
  8353 | D:8      | Reached XP level 10. HP: 74/80 MP: 17/17
  8360 | D:8      | Learned a level 3 spell: Vampiric Draining
  8448 | D:8      | Reached skill level 5 in Short Blades
  8448 | D:8      | Reached skill level 5 in Long Blades
  8448 | D:8      | Reached skill level 5 in Maces & Flails
  8448 | D:8      | Reached skill level 5 in Polearms
  8448 | D:8      | Reached skill level 5 in Staves
  8448 | D:8      | Reached skill level 5 in Slings
  8448 | D:8      | Reached skill level 5 in Bows
  8448 | D:8      | Reached skill level 5 in Crossbows
  8448 | D:8      | Reached skill level 5 in Throwing
  8448 | D:8      | Reached skill level 5 in Dodging
  8448 | D:8      | Reached skill level 5 in Stealth
  8448 | D:8      | Reached skill level 5 in Unarmed Combat
  8448 | D:8      | Reached skill level 5 in Spellcasting
  8448 | D:8      | Reached skill level 5 in Evocations
  8881 | D:8      | Found a broken altar of Ashenzari.
  8898 | D:8      | Noticed Pikel
  8912 | D:8      | Killed Pikel
  9270 | D:8      | Reached **** piety under Cheibriados
  9825 | D:9      | Found a bloodstained altar of Trog.
 10119 | D:9      | Found a staircase to the Orcish Mines.
 10357 | D:9      | Found a hazy altar of Hepliaklqana.
 10358 | D:9      | Found a glowing golden altar of the Shining One.
 10358 | D:9      | Found a shimmering altar of Xom.
 10359 | D:9      | Found a shadowy altar of Dithmenos.
 10709 | D:9      | Noticed a cyclops
 10718 | D:9      | Killed a cyclops
 10724 | D:9      | Reached XP level 11. HP: 28/87 MP: 19/19
 11096 | D:10     | Entered Level 10 of the Dungeon
 11117 | D:10     | Paralysed by a hornet for 1 turns
 11138 | D:10     | Reached skill level 5 in Conjurations
 11138 | D:10     | Reached skill level 5 in Hexes
 11138 | D:10     | Reached skill level 5 in Summonings
 11138 | D:10     | Reached skill level 5 in Necromancy
 11138 | D:10     | Reached skill level 5 in Translocations
 11138 | D:10     | Reached skill level 5 in Transmutations
 11138 | D:10     | Reached skill level 5 in Fire Magic
 11138 | D:10     | Reached skill level 5 in Ice Magic
 11138 | D:10     | Reached skill level 5 in Air Magic
 11138 | D:10     | Reached skill level 5 in Earth Magic
 11138 | D:10     | Reached skill level 5 in Poison Magic
 11575 | D:10     | Found an ancient bone altar of Kikubaaqudgha.
 11590 | D:10     | Reached ***** piety under Cheibriados
 11904 | D:10     | Noticed a two-headed ogre
 11928 | D:10     | Killed a two-headed ogre
 12363 | D:10     | Noticed a two-headed ogre
 12371 | D:10     | HP: 3/89 [two-headed ogre/+0 giant spiked club (17)]
 12374 | D:10     | Killed a two-headed ogre
 12376 | D:10     | HP: 3/89 [gnoll sergeant/+0 spear (8)]
 12682 | D:10     | Noticed an orc knight
 12693 | D:10     | Killed an orc knight
 12700 | D:10     | Noticed a two-headed ogre
 12703 | D:10     | Noticed a cyclops
 12710 | D:10     | Killed a two-headed ogre
 12711 | D:10     | Reached XP level 12. HP: 28/96 MP: 0/22
 13954 | D:11     | Noticed a seven-headed hydra
 13967 | D:11     | Slain by a seven-headed hydra

Illustrated notes

Levels and vault maps discovered:
D:1:      roderic_chinese_lattice_arrival, layout_loops_corners,
          ebering_ecumenical_altar_petrified, minmay_3d_cube
D:2:      layout_loops_corners, uniq_natasha
D:3:      minmay_skewed_foursquare, layout_loops_ring
D:4:      layout_basic, slow_altar_2, serial_shops, nicolae_shop_waterfront,
          uniq_blork_the_orc, uniq_ijyb
D:5:      layout_rooms, nicolae_ru_awakened_eye, okawaru_ov_weapons_minmay
D:6:      layout_basic, serial_shops, shop, minmay_chambers_of_fives
D:7:      layout_loops_ring, nicolae_gozag_cash_rules_everything_around_me
D:8:      layout_cave_pods, evilmike_ruin_ashenzari, minmay_ruffians, uniq_pikel
D:9:      layout_gridville, trog_hazing_becter, minitemple, orc_0_dummy
D:10:     lemuel_castle_with_subvaults [lemuel_castle_interior_carwin_3],
          layout_irregular_city, nicolae_kikubaaqudgha_miasma_corner
D:11:     layout_long_grid, erik_lair_dragon

Skill      XL: |  1  2  3  4  5  6  7  8  9 10 11 12 |
---------------+-------------------------------------+-----
Invocations    | 1 2 3 4 5 6 7 |  7.9
Short Blades   | 1 2 3 4 5 6 7 |  7.2
Long Blades    | 1 2 3 4 5 6 7 |  7.2
Maces & Flails | 1 2 3 4 5 6 7 |  7.2
Polearms       | 1 2 3 4 5 6 7 |  7.2
Staves         | 1 2 3 4 5 6 7 |  7.2
Slings         | 1 2 3 4 5 6 7 |  7.2
Bows           | 1 2 3 4 5 6 7 |  7.2
Crossbows      | 1 2 3 4 5 6 7 |  7.2
Throwing       | 1 2 3 4 5 6 7 |  7.2
Dodging        | 1 2 3 4 5 6 7 |  7.2
Stealth        | 1 2 3 4 5 6 7 |  7.2
Unarmed Combat | 1 2 3 4 5 6 7 |  7.2
Spellcasting   | 1 2 3 4 5 6 7 |  7.2
Evocations     | 1 2 3 4 5 6 7 |  7.2
Conjurations   | 1 2 3 4 5 6 |  6.0
Hexes          | 1 2 3 4 5 6 |  6.0
Summonings     | 1 2 3 4 5 6 |  6.0
Necromancy     | 1 2 3 4 5 6 |  6.0
Translocations | 1 2 3 4 5 6 |  6.0
Transmutations | 1 2 3 4 5 6 |  6.0
Fire Magic     | 1 2 3 4 5 6 |  6.0
Ice Magic      | 1 2 3 4 5 6 |  6.0
Air Magic      | 1 2 3 4 5 6 |  6.0
Earth Magic    | 1 2 3 4 5 6 |  6.0
Poison Magic   | 1 2 3 4 5 6 |  6.0
Axes           | 5 6 7 8 |  8.6
Fighting       | 7 8 9 |  9.8
Armour         | 7 8 9 |  9.8
Shields        | 7 8 9 |  9.8

Action                   |  1- 3 |  4- 6 |  7- 9 | 10-12 || total
-------------------------+-------+-------+-------+-------++-------
Melee: War axe           |   112 |   107 |   385 |    75 ||   679
       Bite              |     3 |    13 |    46 |    69 ||   131
       Hand axe          |       |       |       |   367 ||   367
       Whip              |       |       |       |    14 ||    14
       Trident           |       |       |       |     3 ||     3
Throw: Javelin           |       |     3 |       |    10 ||    13
 Cast: Vampiric Draining |       |       |       |    32 ||    32
       Animate Skeleton  |       |       |       |    10 ||    10
       Pain              |       |       |       |     6 ||     6
Invok: Bend Time         |       |       |       |     1 ||     1
       Slouch            |       |       |       |     2 ||     2
  Use: Scroll            |       |     3 |     6 |     2 ||    11
       Potion            |       |     2 |       |     3 ||     5
 Stab: Distracted        |       |       |       |     2 ||     2
Armor: Scale mail        |    49 |    64 |   178 |   186 ||   477
       Chain mail        |       |       |    94 |       ||    94
Dodge: Dodged            |    38 |    61 |   237 |   327 ||   663
Block: Buckler           |    30 |    35 |   147 |   216 ||   428
